 Dungeon Crawl Stone Soup version 0.27.1-37-g7b29ead8ac (console) character file.

Game seed: 16295591648023294569

10161 grimtooth the Warrior (level 11, -3/139 HPs)
             Began as an Ogre Berserker on Nov 6, 2023.
             Was an Elder of Trog.
             Slain by a harpy simulacrum (7 damage)
             ... in a Gauntlet.
             The game lasted 00:52:12 (16557 turns).

grimtooth the Warrior (Ogre Berserker)             Turns: 16557, Time: 00:52:13

Health: -3/139     AC:  9    Str: 30    XL:     11   Next: 57%
Magic:  11/11      EV: 10    Int:  8    God:    Trog [****..]
Gold:   350        SH:  0    Dex:  9    Spells: 10/10 levels left

rFire    x . .     SeeInvis .   a - +2 mace of Unyfa {drain, Str+5 Stlth+}
rCold    + . .     Faith    .   (no shield)
rNeg     . . .     Spirit   .   U - +2 robe {Will+}
rPois    .         Reflect  .   (helmet restricted)
rElec    .         Harm     .   (no cloak)
rCorr    .         Rampage  .   (gloves unavailable)
Will     ++...     NoTele   +   (boots unavailable)
Stlth    ++........             v - amulet of regeneration
HPRegen  1.33/turn              E - ring of ice
MPRegen  0.12/turn              i - +4 ring of protection

@: very slightly contaminated, invisible
A: large, unfitting armour, tough skin 1
a: Renounce Religion, Berserk, Trog's Hand, Brothers in Arms


You were in a Gauntlet.
You worshipped Trog.
Trog was greatly pleased with you.
You visited 2 branches of the dungeon, and saw 12 of its levels.
You also visited: Gauntlet.

You collected 634 gold pieces.
You spent 284 gold pieces at shops.

Inventory:

Hand Weapons
 a - the +2 mace of Unyfa (weapon) {drain, Str+5 Stlth+}
   (You found it on level 7 of the Dungeon)

   A truly terrible weapon, it drains the life of any living foe it strikes.
   Str:       It affects your strength (+5).
   Stlth:     It makes you more stealthy.
Missiles
 d - 20 boomerangs
 f - 45 stones (quivered)
 L - 24 poisoned darts
 S - a curare-tipped dart {=f=F}
Armour
 m - +0 steam dragon scales
 q - the +2 robe "Owawn" {rElec Will- Int+4}
   (You found it on level 1 of the Lair of Beasts)

   Int:       It affects your intelligence (+4).
   rElec:     It insulates you from electricity.
   Will:      It decreases your willpower.
 U - a +2 robe of willpower (worn)
Jewellery
 e - a +6 ring of strength
 i - a +4 ring of protection (right hand)
 r - a +6 ring of dexterity
 v - an amulet of regeneration (around neck)
 E - a ring of ice (left hand)
 N - a +4 ring of protection
Wands
 k - a wand of flame (22)
 y - a wand of charming (24)
 M - a wand of iceblast (8)
 T - a wand of digging (5)
 W - a wand of paralysis (4)
Scrolls
 b - a scroll of brand weapon
 g - a scroll of summoning {unknown}
 h - 2 scrolls of magic mapping
 l - a scroll of torment {unknown}
 o - 4 scrolls of noise {unknown}
 s - a scroll of blinking
 u - 2 scrolls of vulnerability {unknown}
 w - a scroll of acquirement {unknown}
 G - 2 scrolls of fear {unknown}
 H - a scroll of holy word {unknown}
 J - 2 scrolls of enchant weapon {unknown}
 O - a scroll of fog {unknown}
 P - a scroll of amnesia {unknown}
 R - a scroll of enchant armour
Potions
 c - 2 potions of degeneration {unknown}
 j - a potion of resistance
 p - 3 potions of lignification
 x - 4 potions of berserk rage {unknown}
 z - 4 potions of heal wounds {unknown}
 A - 3 potions of curing
 B - 4 potions of mutation
 D - a potion of brilliance {unknown}
 F - 2 potions of attraction {unknown}
 I - 2 potions of might
 K - a potion of cancellation
Miscellaneous
 n - a piece from Xom's chessboard (15/15)


   Skills:
 + Level 17.5 Fighting
 * Level 9.7 Maces & Flails
 * Level 4.6 Dodging


You had 10 spell levels left.
You didn't know any spells.
Your spell library was empty.

Dungeon Overview and Level Annotations

Branches:
Dungeon (10/15)            Temple (0/1) D:4            Lair (2/6) D:10
    Orc (0/2) D:10        Gauntlet (1/1)
  Swamp: Lair:2-4    Shoals: Lair:2-4     Snake: Lair:2-4    Spider: Lair:2-4

Altars:
Fedhas
Hepliaklqana
Okawaru
Qazlal
Ru
Trog
Wu Jian
The Shining One

Shops:
D:6 (   D:8 [*?**

Annotations:
D:8 exclusion: door
D:10 Psyche Gauntlet 9 transporters, exclusion: obsidian statue


Innate Abilities, Weirdness & Mutations

You are too large for most types of armour.
You have tough skin. (AC +1)


Message History

The harpy simulacrum claws you!
* * * LOW HITPOINT WARNING * * *
The harpy simulacrum freezes you! You resist.
* * * LOW HITPOINT WARNING * * *
The wolf spider simulacrum barely misses you. x2
Blink to where?
Press: ? - help, Dir - move target
As you read the scroll of blinking, it crumbles to dust.
Press: ? - help, v - describe, . - travel, g - get item Item here: a war axe.
The floor.
Your skin stops crawling.
You feel less strong-willed. The harpy simulacrum misses you.
The harpy simulacrum claws you.
* * * LOW HITPOINT WARNING * * *
The harpy simulacrum freezes you! You resist.
* * * LOW HITPOINT WARNING * * *
You see here a scroll labelled SOZASU XELLUNK.
Aiming: Charm
Press: ? - help, Shift-Dir - straight line, f - harpy simulacrum
Aim: a harpy simulacrum (wandering, hasn't noticed you, chance to affect: 55%)
The harpy simulacrum resists with significant effort.
The harpy simulacrum claws you but does no damage. x3
The harpy simulacrum claws you.
* * * LOW HITPOINT WARNING * * *
The harpy simulacrum freezes you. You resist.
* * * LOW HITPOINT WARNING * * *
Aiming: Charm
Press: ? - help, Shift-Dir - straight line, f/p - harpy simulacrum
Aim: a harpy simulacrum (chance to affect: 55%)
The harpy simulacrum resists with significant effort.
The harpy simulacrum claws you!
* * * LOW HITPOINT WARNING * * *
The harpy simulacrum freezes you. You resist.
* * * LOW HITPOINT WARNING * * *
The harpy simulacrum claws you.
* * * LOW HITPOINT WARNING * * *
The harpy simulacrum freezes you! You resist.
* * * LOW HITPOINT WARNING * * *
The harpy simulacrum misses you. The harpy simulacrum claws you!
You die...

©.#.P...#..#....#.....P.P.
..#.....#.......#..P#≈#≈#.
©.#.....#########..P≈≈≈≈≈.
..#..∩............♣.#≈#≈#.
©.#.....#########.PP≈≈≈≈≈.
..#.....#.......#...#≈#≈#.
©.#.....#[.^.##.#...PPPPP.
..#.♣...#)^##.#.###...♣...
♣.#..PP.#ZZ#©Z#Z#©#.......
..##..♣.#Z#.Z##.#.########
##.P.#@####Z.#.#...#...
##≈...#.......#.#.#.#.#.
#≈≈.P.#########.#.#.#.#.
##≈.♣.........#©#©##©##.
##.P.#########.#.#.#.#.
##≈...###..##t#.#.#.#.#.
#≈≈...#?.##..##.#...#...
##≈.♣.#..#.##.#.########
##.P.#©#.©#.##©#.......
##≈...#[#.#.#.###.♣.♣P♣.
#≈≈...#)##..#.#...P.P...


You could see an apocalypse crab, a harpy simulacrum, a wolf spider simulacrum
(wandering) and a centaur warrior simulacrum.

Vanquished Creatures
  2 hydras (Lair:1)
  A centaur zombie (D:10)
  2 black mambas
  An unseen horror (D:10)
  4 komodo dragons
  A cane toad (Lair:1)
  An ice devil (Gauntlet)
  A polar bear (Lair:1)
  A hornet (D:10)
  3 blink frogs (Lair:1)
  A wyvern (D:8)
  A wraith (D:10)
  4 steam dragons
  A water moccasin (D:7)
  5 orc warriors
  An ice beast (D:5)
  A sky beast (D:6)
  3 necrophages
  3 ogres
  A centaur (D:9)
  3 kobold brigands
  6 bullfrogs
  A wyvern zombie (D:8)
  A scorpion (D:5)
  A wyvern skeleton (D:6)
  15 killer bees
  2 electric eels (D:6)
  14 wights
  A howler monkey (D:9)
  4 hounds
  2 jellies (D:5)
  2 bullfrog zombies
  4 orc priests
  2 gnoll shamans (D:5)
  2 iguanas
  Natasha (thrice) (D:4)
  7 orc wizards
  A howler monkey zombie (D:5)
  9 adders
  16 gnolls
  4 white imps
  An ufetubus (D:6)
  A worm (D:5)
  9 dart slugs
  26 orcs
  11 ball pythons
  7 endoplasms
  3 giant cockroaches
  8 goblins
  7 hobgoblins
  7 jackals
  14 kobolds
  4 quokkas
  7 bats
  5 frilled lizards
  6 rats
254 creatures vanquished.

Vanquished Creatures (others)
  A water moccasin (Lair:1)
  An orc wizard (D:7)
  An orc (D:10)
  A demonic plant (Gauntlet)
  3 fungi (Lair:1)
  3 plants
10 creatures vanquished.

Grand Total: 264 creatures vanquished

Notes
Turn   | Place    | Note
-------+----------+-------------------------------------------
     0 | D:1      | grimtooth the Ogre Berserker began the quest for the Orb.
     0 | D:1      | Reached XP level 1. HP: 24/24 MP: 1/1
   329 | D:1      | Reached XP level 2. HP: 26/32 MP: 2/2
   772 | D:1      | Reached XP level 3. HP: 40/40 MP: 3/3
  1288 | D:2      | Found a stormy altar of Qazlal.
  1722 | D:2      | Reached ** piety under Trog
  2068 | D:2      | Reached XP level 4. HP: 46/49 MP: 4/4
  2638 | D:3      | Reached skill level 5 in Fighting
  3201 | D:3      | Reached XP level 5. HP: 52/57 MP: 5/5
  3570 | D:4      | Noticed an ogre
  3667 | D:4      | Noticed a necrophage
  3682 | D:4      | Killed a necrophage
  3683 | D:4      | Reached skill level 6 in Fighting
  3683 | D:4      | Reached skill level 5 in Maces & Flails
  3683 | D:4      | Reached XP level 6. HP: 57/67 MP: 6/6
  3924 | D:4      | Noticed a necrophage
  3940 | D:4      | Killed a necrophage
  4063 | D:4      | Found a staircase to the Ecumenical Temple.
  4086 | D:4      | Noticed Natasha
  4091 | D:4      | Killed Natasha
  4440 | D:4      | Noticed Natasha
  4445 | D:4      | Killed Natasha
  4503 | D:4      | Noticed Natasha
  4512 | D:4      | Killed Natasha
  4513 | D:4      | Reached XP level 7. HP: 63/76 MP: 7/7
  5067 | D:5      | Entered Level 5 of the Dungeon
  5074 | D:5      | Reached skill level 7 in Fighting
  5669 | D:5      | Reached *** piety under Trog
  5978 | D:5      | Reached XP level 8. HP: 82/88 MP: 8/8
  6457 | D:5      | Reached skill level 8 in Fighting
  6923 | D:6      | Found Fuihocwibei's Antique Weapon Shop.
  7732 | D:6      | Reached skill level 9 in Fighting
  8559 | D:6      | Identified the +5 ring mail of Mirth {Str+5}
  8594 | D:6      | Reached XP level 9. HP: 84/98 MP: 9/9
  9121 | D:6      | Reached skill level 10 in Fighting
  9190 | D:6      | Found a glowing golden altar of the Shining One.
  9369 | D:7      | Found a hazy altar of Hepliaklqana.
  9899 | D:7      | Reached skill level 11 in Fighting
 10687 | D:7      | Reached skill level 12 in Fighting
 10802 | D:7      | Identified the +2 mace of Unyfa {drain, Str+5 Stlth+}
 11059 | D:8      | Reached **** piety under Trog
 11246 | D:8      | Found Pout's General Store.
 11291 | D:8      | Bought a scroll of teleportation for 39 gold pieces
 11355 | D:8      | Reached skill level 13 in Fighting
 11364 | D:8      | Found Ikluetoq's Magic Scroll Shop.
 11386 | D:8      | Bought a scroll of identify for 26 gold pieces
 11386 | D:8      | Bought a scroll of identify for 26 gold pieces
 11386 | D:8      | Bought a scroll of identify for 26 gold pieces
 11386 | D:8      | Bought a scroll of identify for 26 gold pieces
 11446 | D:8      | Found Okhigega's Assorted Antiques.
 11459 | D:8      | Reached XP level 10. HP: 98/119 MP: 10/10
 11484 | D:8      | Bought a scroll labelled SOZASU XELLUNK for 31 gold pieces
 11726 | D:8      | Found Opefaxt's Antique Armour Emporium.
 11837 | D:8      | Found Bugehix's Assorted Antiques.
 11846 | D:8      | Bought a scroll labelled KIZXUN IGOE for 16 gold pieces
 11846 | D:8      | Bought a scroll labelled BUSHUSAZIKK for 16 gold pieces
 11846 | D:8      | Bought a lumpy white potion for 14 gold pieces
 11846 | D:8      | Bought a scroll of identify for 32 gold pieces
 11846 | D:8      | Bought a wand of charming (12) for 32 gold pieces
 11900 | D:8      | Noticed a boulder beetle
 12037 | D:9      | Found a bloodstained altar of Trog.
 12161 | D:9      | Reached skill level 14 in Fighting
 13345 | D:9      | Reached skill level 15 in Fighting
 13393 | D:10     | Entered Level 10 of the Dungeon
 13596 | D:10     | Found a staircase to the Orcish Mines.
 13732 | D:10     | Killed an unseen horror
 14105 | D:10     | Found a staircase to the Lair.
 14121 | D:10     | Reached ***** piety under Trog
 14262 | D:10     | Found a blossoming altar of Fedhas.
 14295 | D:10     | Reached skill level 16 in Fighting
 14321 | D:10     | Paralysed by a hornet for 2 turns
 14418 | D:10     | Noticed Psyche
 14433 | D:10     | Found an ornate altar of the Wu Jian Council.
 14477 | D:10     | Found an iron altar of Okawaru.
 14505 | D:10     | Found a sacrificial altar of Ru.
 14781 | Lair:1   | Entered Level 1 of the Lair of Beasts
 14781 | Lair:1   | Noticed an eight-headed hydra
 14853 | Lair:1   | Noticed a black mamba
 14887 | Lair:1   | Killed a black mamba
 14888 | Lair:1   | Reached XP level 11. HP: 33/137 MP: 11/11
 15086 | Lair:1   | Reached skill level 17 in Fighting
 15121 | Lair:1   | Identified the +2 robe "Owawn" {rElec Will- Int+4}
 15362 | Lair:1   | Noticed a five-headed hydra
 15387 | Lair:1   | Killed a five-headed hydra
 15688 | Lair:1   | Killed an eight-headed hydra
 16235 | Lair:2   | Found a gate leading to a gauntlet.
 16257 | Gauntlet | Entered a Gauntlet
 16257 | Gauntlet | Noticed a soul eater
 16257 | Gauntlet | Found a transporter.
 16264 | Gauntlet | Found a transporter.
 16266 | Gauntlet | Found a transporter.
 16281 | Gauntlet | Found a transporter.
 16283 | Gauntlet | Found a transporter.
 16293 | Gauntlet | Found a transporter.
 16309 | Gauntlet | Found a transporter.
 16314 | Gauntlet | Found a transporter.
 16335 | Gauntlet | Found a transporter.
 16339 | Gauntlet | Found a transporter.
 16341 | Gauntlet | Noticed a tengu warrior
 16348 | Gauntlet | Found a transporter.
 16352 | Gauntlet | Found a transporter.
 16382 | Gauntlet | Noticed an obsidian statue
 16389 | Gauntlet | Found a transporter.
 16393 | Gauntlet | Found a transporter.
 16401 | Gauntlet | Noticed an eleionoma
 16403 | Gauntlet | Noticed an azure jelly
 16408 | Gauntlet | Noticed a minotaur
 16408 | Gauntlet | an azure jelly changed into a minotaur
 16557 | Gauntlet | HP: 4/139 [harpy simulacrum (8)]
 16557 | Gauntlet | Slain by a harpy simulacrum

Illustrated notes

Levels and vault maps discovered:
D:1:      nagdon_arrival_double_spiral, layout_basic
D:2:      kennysheep_the_goblin_king, layout_basic, basic_altar
D:3:      layout_rooms
D:4:      layout_basic, minmay_temple_entry_wispy, uniq_natasha
D:5:      layout_layer_cave
D:6:      kennysheep_slugbush, layout_basic, nicolae_tso_swordbearing_angel,
          serial_shops, nicolae_shop_trees
D:7:      layout_basic, lemuel_doored_altar, grunt_ministairs_11
D:8:      layout_loops_cross, serial_shops, shop_scrolls,
          nicolae_lakefront_shop, nicolae_square_shop,
          nicolae_shop_overgrown_old_shop,
          nicolae_shop_temple_entry_statues_fountains, kennysheep_just_a_vault
D:9:      layout_grid_maze, lemuel_tele_altar
D:10:     layout_basic, nicolae_overflow_quartered_altars, lair_entry_dummy,
          david_orc_2, uniq_psyche
Lair:1:   layout_roguey, ldierk_geyser, grunt_megastairs_4,
          infiniplex_staircase_pool
Lair:2:   kb_forest_paths, layout_long_grid, elwin_shoals_entry_rocks,
          nicolae_spider_entry_tight_spaces, gauntlet_entry_generic,
          chequers_serial_rivers_room_a, lemuel_fruit_tree,
          minmay_lair_oklob_chamber
Gauntlet: minmay_gauntlet_77_tree [minmay_gauntlet_arena_77_broken_ladder,
          minmay_gauntlet_arena_77_fan, minmay_gauntlet_arena_77_two_paths,
          minmay_gauntlet_arena_77_two_lines,
          minmay_gauntlet_arena_77_double_cross,
          minmay_gauntlet_arena_77_hold_the_fort, minmay_gauntlet_arena_77_mess,
          gauntlet_exit_watery]

Skill      XL: |  1  2  3  4  5  6  7  8  9 10 11 |
---------------+----------------------------------+-----
Maces & Flails | 3 4 5 7 8 9 |  9.7
Fighting       | 5 6 7 9 13 16 17 | 17.5
Dodging        | 4 |  4.6

Action                   |  1- 3 |  4- 6 |  7- 9 | 10-12 || total
-------------------------+-------+-------+-------+-------++-------
Melee: Mace              |   111 |   144 |    15 |   276 ||   546
       Flail             |       |       |   317 |    30 ||   347
Throw: Stone             |    53 |   109 |   140 |    61 ||   363
       Boomerang         |       |       |     7 |     4 ||    11
       Dart              |       |       |       |    10 ||    10
Invok: Berserk           |       |       |     2 |       ||     2
       Trog's Hand       |       |       |     2 |     2 ||     4
       Brothers in Arms  |       |       |       |     1 ||     1
Evoke: Wand              |       |       |     2 |     6 ||     8
  Use: Scroll            |       |     1 |     8 |     5 ||    14
       Potion            |       |       |       |     3 ||     3
 Stab: Sleeping          |     1 |     1 |       |       ||     2
Armor: Animal skin       |    43 |    52 |    98 |       ||   193
       Robe              |       |       |     9 |   179 ||   188
Dodge: Dodged            |    48 |    83 |   153 |   174 ||   458
